[Event "Early-Titled-Tuesday-Blitz-April-02-2024"]
[Site "Chess.com"]
[Date "2024.04.02"]
[Round "5"]
[White "francyIM"]
[Black "MaestroCheck"]
[Result "1-0"]
[WhiteElo "2795"]
[BlackElo "2531"]
[TimeControl "180+1"]
[EndTime "8:53:29 PDT"]
[Termination "francyIM won by checkmate"]

1. e4 c5 2. Nf3 e6 3. c3 Nf6 4. e5 Nd5 5. d4 cxd4 6. cxd4 d6 7. a3 Be7 8. Bd3 O-O 9. h4 h6 10.
Qe2 Qc7 11. Bd2 Bd7 12. Nc3 Nxc3 13. bxc3 Bc6 14. Rh3 Kh8 15. Bxh6 Bxf3 16. Qd2 Bh5 17. Bxg7+ Kxg7 18. Rg3+ Bg6 19. h5 Rh8 20. Bxg6 fxg6 21.
Rxg6+ Kf7 22. g4 dxe5 23. Kf1 exd4 24. Qxd4 Nc6 25. Qg7+ Ke8 26. Qxh8+ Bf8 27. Rxe6+ Kd7 28. Qf6 Ne7 29. Rd1+ Ke8 30. Qg6# 1-0

[Event "Early-Titled-Tuesday-Blitz-April-02-2024"]
[Site "Chess.com"]
[Date "2024.04.02"]
[Round "5"]
[White "Polish_fighter3000"]
[Black "GoltsevDmitry2000"]
[Result "1-0"]
[WhiteElo "3139"]
[BlackElo "2818"]
[TimeControl "180+1"]
[EndTime "8:53:32 PDT"]
[Termination "Polish_fighter3000 won by resignation"]

1. e4 e6 2. d4 d5 3. Nc3 Nf6 4.
e5 Nfd7 5. f4 c5 6. Nf3 a6 7.
Be3 cxd4 8. Qxd4 Bc5 9. Qd2 Bxe3 10. Qxe3 Qb6 11. Qxb6 Nxb6 12. O-O-O Nc6 13. Bd3 Bd7 14.
h4 h5 15. b3 Rc8 16. Kb2 g6 17. Ne2 Nb4 18. Ned4 Nxd3+ 19. cxd3 Ke7 20. a4 Rc7 21.
Rc1 Rhc8 22. Rxc7 Rxc7 23. a5 Na8 24. Ra1 Rc8 25. b4 Nc7 26. Nb3 Nb5 27. Nfd4 Nxd4 28. Nxd4 f6 29. Re1 fxe5 30. Rxe5 Kf6 31. g3 Bb5 32.
Rxe6+ Kf7 33. Re3 Bd7 34. Re5 Bc6 35. Kc3 Bb5+ 36. Kd2 Bc6 37. f5 gxf5 38. Rxf5+ Kg6 39. Rg5+ Kh6 40. Nf5+ Kh7 41. Rxh5+ Kg6 42. g4 Kf6 43. Rh6+ Ke5 44. Ke3 d4+ 45. Nxd4 Bd5 46. Rh5+ Kd6 47. Nf5+ Ke6 48. Rh6+ 1-0

[Event "Early-Titled-Tuesday-Blitz-April-02-2024"]
[Site "Chess.com"]
[Date "2024.04.02"]
[Round "5"]
[White "MagnusCarlsen"]
[Black "Lukianoo"]
[Result "1-0"]
[WhiteElo "3231"]
[BlackElo "2817"]
[TimeControl "180+1"]
[EndTime "8:53:37 PDT"]
[Termination "MagnusCarlsen won by resignation"]

1. e4 c6 2. Bc4 d5 3. Bb3 dxe4 4. Qh5 g6 5. Qh4 Nf6 6. Nc3 Bg7 7. f3 Nbd7 8. fxe4 Nc5 9. Nf3 Nxb3 10. axb3 h6 11.
d3 g5 12. Qf2 Ng4 13. Qg3 Qd6 14. Qxd6 exd6 15. h3 Ne5 16. Nxe5 Bxe5 17. Be3 a6 18. Na4 O-O 19. g4 Be6 20. Ke2 d5 21. d4 Bc7 22.
Nc5 dxe4 23. Nxe6 fxe6 24. h4 Bf4 25. hxg5 hxg5 26. Rh6 Kg7 27. Rxe6 Rae8 28. Rxe8 Rxe8 29. Rf1 Rf8 30. c4 Kg6 31. d5 cxd5 32. cxd5 Bd6 33.
Rxf8 Bxf8 34. Bd4 Bd6 35. Ke3 Bf4+ 36. Kxe4 Bd6 37. Be5 Bb4 38. d6 Kf7 39. Kf5 Bd2 40.
Bf6 Ke8 41. Ke6 1-0

[Event "Early-Titled-Tuesday-Blitz-April-02-2024"]
[Site "Chess.com"]
[Date "2024.04.02"]
[Round "5"]
[White "sorch29"]
[Black "edgarhay012"]
[Result "0-1"]
[WhiteElo "2424"]
[BlackElo "2616"]
[TimeControl "180+1"]
[EndTime "8:53:37 PDT"]
[Termination "edgarhay012 won by resignation"]

1. c4 g6 2. Nc3 Bg7 3. d4 c5 4. d5 d6 5. e4 e5 6. h4 h6 7. Be3 Ne7 8. Qd2 Na6 9. f3 Bd7 10. h5 Qa5 11. O-O-O O-O-O 12. g4 f5 13. hxg6 fxg4 14.
fxg4 Nxg6 15. g5 Nf4 16. Nh3 hxg5 17. Nxg5 Rxh1 0-1

[Event "Early-Titled-Tuesday-Blitz-April-02-2024"]
[Site "Chess.com"]
[Date "2024.04.02"]
[Round "5"]
[White "Matrix3x3a"]
[Black "ilqar_74"]
[Result "0-1"]
[WhiteElo "2602"]
[BlackElo "2812"]
[TimeControl "180+1"]
[EndTime "8:53:38 PDT"]
[Termination "ilqar_74 won by checkmate"]

1. d4 Nf6 2. c4 g6 3. Nc3 d6 4. Nf3 Bg7 5. Bg5 O-O 6. e3 Nbd7 7. Be2 e5 8. O-O h6 9. Bh4 c6 10. Qc2 Qe7 11. h3 b6 12. dxe5 Nxe5 13. Nxe5 dxe5 14. Bd3 Be6 15. Bxf6 Bxf6 16. Rad1 Bg7 17. Be4 Rac8 18.
Bd3 f5 19. e4 f4 20. Be2 f3 21. Bxf3 Bxh3 22. Rd3 Be6 23. b3 Rcd8 24. Rfd1 Rxd3 25. Rxd3 h5 26. Qd1 Rc8 27. Qd2 Bf8 28. Ne2 Qf6 29.
g3 h4 30. gxh4 Qxh4 31. Bg2 Bc5 32. Kf1 Qxf2# 0-1

[Event "Early-Titled-Tuesday-Blitz-April-02-2024"]
[Site "Chess.com"]
[Date "2024.04.02"]
[Round "5"]
[White "PolandHussars"]
[Black "chessdjw"]
[Result "0-1"]
[WhiteElo "2579"]
[BlackElo "2799"]
[TimeControl "180+1"]
[EndTime "8:53:39 PDT"]
[Termination "chessdjw won by resignation"]

1. e4 c5 2. Ne2 Nc6 3. g3 Nf6 4. Bg2 d5 5. exd5 Nxd5 6. d4 e6 7. O-O Be7 8. c4 Nb6 9. d5 exd5 10. cxd5 Nb4 11. Nbc3 Bf5 12. Bf4 Nd3 13. Qb3 O-O 14.
a4 c4 15. Qa2 Nb4 16. Qa3 N4xd5 17. Qa2 Nb4 18. Qa3 Nc2 19. Qa2 Nxa1 20. Rxa1 Qc8 21. a5 Nd7 22. a6 bxa6 23. Bxa8 Qxa8 24.
Qxc4 Nb6 25. Qd3 Bxd3 0-1

[Event "Early-Titled-Tuesday-Blitz-April-02-2024"]
[Site "Chess.com"]
[Date "2024.04.02"]
[Round "5"]
[White "Bob_2004"]
[Black "Barmen_EV"]
[Result "0-1"]
[WhiteElo "2370"]
[BlackElo "2579"]
[TimeControl "180+1"]
[EndTime "8:53:44 PDT"]
[Termination "Barmen_EV won on time"]

1. d4 Nf6 2. c4 g6 3. Nc3 Bg7 4. Nf3 O-O 5. Bg5 d6 6. e3 Nbd7 7. Be2 e5 8. O-O h6 9. Bh4 c6 10. h3 Qc7 11. Bg3 Nh5 12. Bh2 f5 13. Nd2 Nhf6 14.
c5 f4 15. cxd6 Qxd6 16. dxe5 Nxe5 17. Bxf4 Qe7 18. Nc4 Nh5 19. Bxh5 Nxc4 20. Bxg6 Nxb2 21. Qb3+ Qe6 22. Bc2 Qxb3 23. Bxb3+ Kh8 24. Rab1 Nd3 25. Bd6 Rd8 26. Ne4 Bf5 27. Ng3 Bg6 0-1

[Event "Early-Titled-Tuesday-Blitz-April-02-2024"]
[Site "Chess.com"]
[Date "2024.04.02"]
[Round "5"]
[White "Batica1984"]
[Black "IriBu"]
[Result "0-1"]
[WhiteElo "2764"]
[BlackElo "2593"]
[TimeControl "180+1"]
[EndTime "8:53:47 PDT"]
[Termination "IriBu won by resignation"]

1. e4 d6 2. d4 Nf6 3. Nc3 e5 4. Nf3 Nbd7 5. Bc4 h6 6. a4 c6 7. O-O Be7 8. Re1 Qc7 9. Ba2 Nf8 10. a5 Ng6 11. h3 O-O 12. Be3 Re8 13. Nd2 Bd7 14. Nc4 Be6 15. d5 Bd7 16. Qd3 Nh5 17.
b4 Nhf4 18. Qf1 cxd5 19. Nxd5 Nxd5 20. exd5 Bb5 21. Bb3 Rec8 22. Nxd6 Bxf1 23. Nxc8 Rxc8 24. Rxf1 Bxb4 25. a6 b6 0-1

[Event "Early-Titled-Tuesday-Blitz-April-02-2024"]
[Site "Chess.com"]
[Date "2024.04.02"]
[Round "5"]
[White "Cheer_Down"]
[Black "NovoselovRoman"]
[Result "1-0"]
[WhiteElo "2445"]
[BlackElo "2586"]
[TimeControl "180+1"]
[EndTime "8:53:48 PDT"]
[Termination "Cheer_Down won by resignation"]

1. e4 e6 2. d4 d5 3. Nc3 Nf6 4. e5 Nfd7 5. f4 c5 6. Nf3 Nc6 7. Be3 a6 8. Qd2 b5 9. Be2 b4 10. Nd1 a5 11. O-O g6 12. c4 dxc4 13. Bxc4 Ba6 14. Bxa6 Rxa6 15. d5 exd5 16. Qxd5 Qc7 17.
Nf2 Be7 18. e6 fxe6 19. Qxe6 Ncb8 20. Qc4 Nb6 21. Qe4 O-O 22. Rac1 Na4 23. Ng4 Qc6 24. Qxe7 Qe6 25. Nh6+ Kh8 26. Qxf8+ 1-0

[Event "Early-Titled-Tuesday-Blitz-April-02-2024"]
[Site "Chess.com"]
[Date "2024.04.02"]
[Round "5"]
[White "kingandqueen2017"]
[Black "rionelG"]
[Result "1-0"]
[WhiteElo "2484"]
[BlackElo "2185"]
[TimeControl "180+1"]
[EndTime "8:53:49 PDT"]
[Termination "kingandqueen2017 won by checkmate"]

1. d4 d5 2. c4 e6 3. Nc3 Nf6 4. Nf3 c6 5. Bg5 h6 6. Bh4 Be7 7.
e3 O-O 8. Qc2 Nbd7 9. Bd3 dxc4 10. Bxc4 b5 11. Bd3 Bb7 12. O-O a6 13. Rfd1 Rc8 14.
Rac1 Re8 15. Ne5 Qb6 16. Bh7+ Kf8 17. Nxd7+ Nxd7 18. Bxe7+ Rxe7 19. Ne4 Qc7 20. h4 g6 21. h5 Kg7 22. hxg6 fxg6 23. Bxg6 Kxg6 24. Nd6+ Kg7 25. Nxc8 Qxc8 26. e4 Qf8 27. Rd3 Kh8 28. Rf3 Rf7 29. Rxf7 Qxf7 30. Qd2 Qg6 31. Rc3 Nf8 32. Rg3 Qxe4 33.
Qxh6+ Nh7 34. Qg7# 1-0

[Event "Early-Titled-Tuesday-Blitz-April-02-2024"]
[Site "Chess.com"]
[Date "2024.04.02"]
[Round "5"]
[White "MKlose11"]
[Black "AA95"]
[Result "1-0"]
[WhiteElo "2617"]
[BlackElo "2490"]
[TimeControl "180+1"]
[EndTime "8:53:51 PDT"]
[Termination "MKlose11 won by checkmate"]

1. e4 c5 2. Nc3 a6 3. g3 b5 4. Bg2 Bb7 5. d3 e6 6. Nh3 Nc6 7. O-O Nge7 8. f4 d6 9. f5 Ne5 10. fxe6 fxe6 11. Ng5 N7g6 12. Nxe6 Qe7 13. Bh3 h6 14. Qh5 b4 15. Nd5 Bxd5 16. exd5 Ra7 17.
Bd2 Qb7 18. Bf5 Qxd5 19. Bxg6+ Ke7 20. Nf4 Qc6 21. Be4 Qc8 22. Nd5+ Kd8 23. Bf4 Qg4 24. Qxg4 Nxg4 25. Rae1 g5 26. Bc1 Bg7 27. h3 Ne5 28.
Kg2 Re8 29. a3 a5 30. a4 Rd7 31. b3 Ra7 32. Nf6 Ree7 33. Nd5 Re8 34. Rf5 Rd7 35.
Ref1 Ra7 36. Bb2 Re6 37. Bxe5 Rxe5 38. Rxe5 Bxe5 39. Rf8+ Kd7 40. Rf7+ Kc6 41. Rxa7 c4 42. Rc7# 1-0

[Event "Early-Titled-Tuesday-Blitz-April-02-2024"]
[Site "Chess.com"]
[Date "2024.04.02"]
[Round "5"]
[White "blitzking1729"]
[Black "zverr1"]
[Result "1-0"]
[WhiteElo "2768"]
[BlackElo "2559"]
[TimeControl "180+1"]
[EndTime "8:53:54 PDT"]
[Termination "blitzking1729 won on time"]

1. Nf3 g6 2. g3 Bg7 3. Bg2 Nf6 4. O-O O-O 5. c4 c6 6. b3 Ne4 7. d4 d5 8. Bb2 a5 9. Nbd2 Bf5 10. Nh4 Nxd2 11.
Qxd2 Be6 12. cxd5 cxd5 13. Nf3 Bf5 14. Ne5 Be4 15. f3 Bf5 16. Rfc1 Nd7 17. Nd3 Qb6 18.
Nc5 e5 19. e3 Rac8 20. Nxd7 Bxd7 21. dxe5 a4 22. Bd4 Qb5 23. Bf1 Rxc1 24. Rxc1 Ra8 25. Bxb5 Bxb5 26. bxa4 Bc4 27. a5 Bf8 28. e4 1-0

[Event "Early-Titled-Tuesday-Blitz-April-02-2024"]
[Site "Chess.com"]
[Date "2024.04.02"]
[Round "5"]
[White "jcibarra"]
[Black "lefonghua"]
[Result "1-0"]
[WhiteElo "2967"]
[BlackElo "2614"]
[TimeControl "180+1"]
[EndTime "8:53:54 PDT"]
[Termination "jcibarra won on time"]

1. e4 c5 2. Nf3 g6 3. c3 Nc6 4. d4 d5 5. exd5 Qxd5 6. Na3 Bg4 7. Be2 cxd4 8. Nb5 O-O-O 9. Nbxd4 e5 10. Nxc6 Qxd1+ 11. Bxd1 bxc6 12. h3 Bxf3 13. Bxf3 Kc7 14. Be3 a5 15. O-O f5 16. Rad1 Rxd1 17. Rxd1 Nf6 18. a3 Be7 19. b4 axb4 20. axb4 e4 21. Be2 Nd5 22. Bd4 Rd8 23. Ra1 Kb8 24. Ra6 Nf4 25. Bc4 Bxb4 26. Rb6+ Kc7 27. Rxb4 Ra8 28. Be5+ 1-0

[Event "Early-Titled-Tuesday-Blitz-April-02-2024"]
[Site "Chess.com"]
[Date "2024.04.02"]
[Round "5"]
[White "mightysmasher"]
[Black "scarabee43"]
[Result "0-1"]
[WhiteElo "2576"]
[BlackElo "2812"]
[TimeControl "180+1"]
[EndTime "8:53:57 PDT"]
[Termination "scarabee43 won by checkmate"]

1. e4 c5 2. c3 d5 3. exd5 Qxd5 4. d4 Nf6 5. Nf3 e6 6. Na3 Nc6 7. Nb5 Qd8 8. Be2 a6 9. Na3 cxd4 10. Nxd4 Nxd4 11.
Qxd4 Qxd4 12. cxd4 b5 13. Bf3 Ra7 14. O-O Bb7 15.
Be2 Be7 16. Nc2 O-O 17. Be3 Bd5 18. Nb4 Bxb4 19. a3 Bd6 20. Rac1 h6 21. g4 Rb8 22. h4 Ba8 23. d5 Re7 24. dxe6 Rxe6 25. Rfe1 Rbe8 26. g5 hxg5 27. hxg5 Nd5 28. Bg4 Re5 29. Bd7 Rd8 30. Bc6 Nxe3 31. fxe3 Rxg5+ 32. Kf1 Rc5 33. Bxa8 Rxa8 34. Rcd1 Be5 35. Re2 Rac8 36. Rdd2 g6 37. Rd7 Rc2 38. Ra7 Rxb2 39. Rxb2 Bxb2 40. Rxa6 Rc3 41. Ke2 Bxa3 42. Kd2 b4 43. Rb6 Bc1+ 44.
Kd1 Bxe3 45. Rxb4 Bg5 46. Ke2 Kg7 47. Kf2 Be7 48. Rb7 Bc5+ 49. Ke2 g5 50. Rc7 Bd4 51. Rd7 Be5 52. Kf2 Kg6 53. Rb7 f6 54. Rb5 g4 55.
Kg2 Kg5 56. Kg1 Rc2 57. Rb3 g3 58. Rd3 Kg4 59. Kf1 f5 60. Kg1 f4 61. Rd8 Rc1+ 62. Rd1 Rxd1+ 63. Kg2 f3# 0-1

[Event "Early-Titled-Tuesday-Blitz-April-02-2024"]
[Site "Chess.com"]
[Date "2024.04.02"]
[Round "5"]
[White "Yaacovn"]
[Black "JiaHaoxiang"]
[Result "1-0"]
[WhiteElo "2856"]
[BlackElo "2592"]
[TimeControl "180+1"]
[EndTime "8:53:58 PDT"]
[Termination "Yaacovn won by resignation"]

1. d4 d5 2. e3 Nf6 3. Bd3 c6 4.
Nd2 g6 5. Ngf3 Bg7 6. h3 O-O 7.
O-O Nbd7 8. Re1 Re8 9. e4 dxe4 10. Nxe4 Nxe4 11. Bxe4 e5 12. Bg5 Qb6 13. d5 f5 14.
dxc6 bxc6 15. Be3 Qxb2 16. Bxc6 Rb8 17. Bxd7 Rd8 18. Qd5+ Kh8 19. Ng5 Rxd7 20. Nf7+ Rxf7 21. Qxf7 Ba6 22. Rab1 Qxb1 23. Rxb1 Rxb1+ 24. Kh2 Bb5 25. c4 Bc6 26. Qe6 1-0

[Event "Early-Titled-Tuesday-Blitz-April-02-2024"]
[Site "Chess.com"]
[Date "2024.04.02"]
[Round "5"]
[White "Imagine_Drag0n"]
[Black "VD_coach"]
[Result "1-0"]
[WhiteElo "2802"]
[BlackElo "2569"]
[TimeControl "180+1"]
[EndTime "8:53:59 PDT"]
[Termination "Imagine_Drag0n won by resignation"]

1. e4 Nf6 2. e5 Nd5 3. d4 d6 4.
exd6 cxd6 5. c4 Nf6 6. Nc3 e6 7.
Nf3 Be7 8. Bd3 O-O 9. O-O Nc6 10. Re1 a6 11. h3 b6 12. d5 exd5 13. cxd5 Nb4 14.
Bb1 Bb7 15. Bg5 Nbxd5 16. Nxd5 Nxd5 17. Bxe7 Nxe7 18. Bxh7+ Kxh7 19. Ng5+ Kg6 20. Qg4 f5 21. Qg3 f4 22. Qg4 Nf5 23. Ne6+ 1-0

[Event "Early-Titled-Tuesday-Blitz-April-02-2024"]
[Site "Chess.com"]
[Date "2024.04.02"]
[Round "5"]
[White "Witik"]
[Black "Grossboss19"]
[Result "1-0"]
[WhiteElo "2778"]
[BlackElo "2567"]
[TimeControl "180+1"]
[EndTime "8:53:59 PDT"]
[Termination "Witik won by resignation"]

1. d4 Nf6 2. c4 e6 3. g3 Bb4+ 4. Bd2 Be7 5. Bg2 d5 6. Nf3 O-O 7. O-O Nbd7 8. Qb3 c6 9. Rc1 Ne4 10. Be1 f5 11. a4 g5 12. a5 g4 13. Nfd2 a6 14. Nc3 Ndf6 15. f3 Nd6 16. Na4 Rf7 17. Nb6 Rb8 18. c5 Nb5 19. e3 Bf8 20. fxg4 Nxg4 21.
h3 Nf6 22. Nf3 Bh6 23. Kh2 Ne4 24. Ne5 Rg7 25. Bxe4 dxe4 26. Bf2 Nc7 27. Rg1 Nd5 28. g4 f4 29. exf4 Bxf4+ 30. Bg3 Bxg3+ 31. Qxg3 Nxb6 32. axb6 Qxd4 33. Rad1 Qxb2+ 34. Rg2 Qxg2+ 35. Kxg2 h6 36. Rd8+ 1-0

[Event "Early-Titled-Tuesday-Blitz-April-02-2024"]
[Site "Chess.com"]
[Date "2024.04.02"]
[Round "5"]
[White "Andrey_Klymchuk"]
[Black "LeoWin2012"]
[Result "1-0"]
[WhiteElo "2724"]
[BlackElo "2333"]
[TimeControl "180+1"]
[EndTime "8:54:01 PDT"]
[Termination "Andrey_Klymchuk won by checkmate"]

1. e4 e5 2. d4 exd4 3. Qxd4 Nc6 4. Qe3 d6 5. Nc3 Be6 6. Bd2 Nf6 7. O-O-O Qd7 8. f4 O-O-O 9. f5 Bxf5 10. exf5 Qxf5 11.
Bd3 Qd7 12. Bb5 Kb8 13. Nf3 a6 14. Ba4 g6 15. Rhe1 Bg7 16. h3 Rhe8 17. Qf2 Rxe1 18.
Qxe1 Re8 19. Qf2 Ne4 20. Nxe4 Rxe4 21. Bb3 Qf5 22. Re1 Nd4 23. Rxe4 Nxb3+ 24. axb3 Qxe4 25. Qe3 Qxe3 26. Bxe3 f5 27. c3 c5 28. Ng5 h6 29.
Nf7 g5 30. Nxd6 f4 31. Bxc5 Kc7 32. Nf5 Be5 33. Nxh6 Kc6 34. b4 b6 35. Bf2 Kd5 36. Ng4 Bc7 37. Kd2 Ke4 38. Ke2 b5 39. Nh2 Be5 40. Bb6 Bf6 41. Nf3 Be7 42. Bc5 Bd8 43. b3 Kd5 44. Kd3 Bf6 45. c4+ Kc6 46. Ke4 Bd8 47.
Kf5 g4 48. hxg4 bxc4 49. bxc4 a5 50. bxa5 Kxc5 51. g5 Bxa5 52. g6 Bc3 53. Ne5 f3 54. gxf3 Kd6 55. f4 Bxe5 56. fxe5+ Ke7 57. c5 Kf8 58. c6 Ke8 59. c7 Ke7 60. g7 Kf7 61. c8=Q Kxg7 62. Kg5 Kf7 63. Qd7+ Kf8 64. Kg6 Kg8 65.
Qe8# 1-0

[Event "Early-Titled-Tuesday-Blitz-April-02-2024"]
[Site "Chess.com"]
[Date "2024.04.02"]
[Round "5"]
[White "m_ezat"]
[Black "Louis-Paulsen-Fan"]
[Result "1-0"]
[WhiteElo "2558"]
[BlackElo "2276"]
[TimeControl "180+1"]
[EndTime "8:54:03 PDT"]
[Termination "m_ezat won by resignation"]

1. d4 d5 2. c4 e6 3. Nc3 c5 4. cxd5 exd5 5. Nf3 Nc6 6. g3 c4 7. Bg2 Bb4 8. O-O Nge7 9. Qc2 O-O 10. b3 Bf5 11.
Qb2 Bxc3 12. Qxc3 b5 13. Ba3 Be4 14. Bc5 Re8 15. a4 a6 16. e3 b4 17. Bxb4 Nxb4 18. Qxb4 Rb8 19. Qc5 Rxb3 20. Ne5 Bxg2 21. Kxg2 Qc8 22.
Qa5 f6 23. Nf3 Qb7 24. Nh4 Rb8 25. Rfc1 Qb6 26. Qe1 Rb2 27. Nf3 Qe6 28. Nd2 Nf5 29. Rab1 Nxd4 30. exd4 Qf5 31. Rxb2 1-0

[Event "Early-Titled-Tuesday-Blitz-April-02-2024"]
[Site "Chess.com"]
[Date "2024.04.02"]
[Round "5"]
[White "Brahianzevich"]
[Black "DefenceWinsChampionships"]
[Result "1-0"]
[WhiteElo "2531"]
[BlackElo "2312"]
[TimeControl "180+1"]
[EndTime "8:54:05 PDT"]
[Termination "Brahianzevich won on time"]

1. e4 c5 2. Nf3 e6 3. Nc3 a6 4. Be2 Nc6 5. d4 cxd4 6. Nxd4 Qc7 7. O-O Nf6 8. Be3 Bb4 9. Nxc6 bxc6 10. Qd4 c5 11.
Qc4 Bb7 12. a3 Ba5 13. Qxc5 Qxc5 14. Bxc5 Rc8 15. Bb4 Bxb4 16. axb4 Nxe4 17. Nxe4 Bxe4 18. c3 Bb7 19. Bxa6 Bxa6 20. Rxa6 Ke7 21. Ra7 Ra8 22. Rfa1 Rxa7 23. Rxa7 Rb8 24. f3 Kd6 25. Kf2 f5 26. f4 h6 27. h4 g6 28. Ke3 Rb6 29. Kd4 Kc6 30. Ke5 g5 31. hxg5 hxg5 32. fxg5 Rb5+ 33.
Kf6 f4 34. g6 Rf5+ 35. Ke7 1-0

[Event "Early-Titled-Tuesday-Blitz-April-02-2024"]
[Site "Chess.com"]
[Date "2024.04.02"]
[Round "5"]
[White "Attacker_2006"]
[Black "kachsona"]
[Result "0-1"]
[WhiteElo "2435"]
[BlackElo "2606"]
[TimeControl "180+1"]
[EndTime "8:54:07 PDT"]
[Termination "kachsona won by resignation"]

1. e4 d6 2. d4 Nf6 3. Nc3 Nbd7 4. f4 e5 5. Nf3 exd4 6. Qxd4 c6 7. Bd3 d5 8. e5 Bc5 9. Qa4 Ng4 10. Nd1 b5 11. Qb3 Qb6 12. h3 Nf2 13. Nxf2 Bxf2+ 14. Ke2 Nc5 15. Qc3 b4 16. Qd2 Ne4 17. Bxe4 dxe4 18. c4 bxc3 19. Qxc3 Ba6+ 20. Kd2 Rd8+ 21. Kc2 Bd3+ 22.
Kd1 exf3 23. gxf3 Bb5+ 24. Kc2 Rd3 25. Qxd3 Bxd3+ 26. Kxd3 Qb5+ 27. Kd2 O-O 0-1

[Event "Early-Titled-Tuesday-Blitz-April-02-2024"]
[Site "Chess.com"]
[Date "2024.04.02"]
[Round "5"]
[White "JCVanDamme10"]
[Black "Shahdad2007"]
[Result "1-0"]
[WhiteElo "2356"]
[BlackElo "2575"]
[TimeControl "180+1"]
[EndTime "8:54:07 PDT"]
[Termination "JCVanDamme10 won on time"]

1. e4 c5 2. Nf3 e6 3. d4 cxd4 4. Nxd4 Nc6 5. Nc3 Qc7 6. Ndb5 Qb8 7. Be3 a6 8. Bb6 axb5 9. Nxb5 Bb4+ 10. c3 Ba5 11. Nc7+ Qxc7 12. Bxc7 Bxc7 13. Bb5 Nge7 14. O-O O-O 15. Kh1 d5 16. f3 dxe4 17. fxe4 e5 18. a4 Be6 19. b4 Ng6 20. a5 Nf4 21. a6 Nd8 22. axb7 Nxb7 23. Rxa8 Rxa8 24. Bc6 Rb8 25. Qa4 Nd8 26. Bd7 Bc4 27. Rd1 Nd3 28. Qa7 Bd6 29. Qe3 Rb7 30. Bg4 f5 31. Bxf5 1-0

[Event "Early-Titled-Tuesday-Blitz-April-02-2024"]
[Site "Chess.com"]
[Date "2024.04.02"]
[Round "5"]
[White "Firegrizzly"]
[Black "ATM622"]
[Result "1-0"]
[WhiteElo "2660"]
[BlackElo "2504"]
[TimeControl "180+1"]
[EndTime "8:54:08 PDT"]
[Termination "Firegrizzly won by checkmate"]

1. d4 Nf6 2. Bf4 d5 3. Nc3 e6 4. Nb5 Na6 5. e3 Be7 6. g4 c6 7. Nc3 Bb4 8. a3 Bxc3+ 9. bxc3 Ne4 10. Ne2 Qh4 11. Ng3 Nc7 12. Nxe4 dxe4 13. c4 Qe7 14. h4 f5 15. Be5 Rf8 16. h5 Kf7 17. g5 Kg8 18. h6 g6 19. c5 Nd5 20. c4 Nxe3 21.
fxe3 Qxg5 22. Bf4 Qf6 23. Kf2 g5 24. Bxg5 Qxg5 25. Rg1 Qxg1+ 26. Kxg1 Bd7 27. Ra2 Kh8 28. Rg2 Rf6 29. Qh5 Rg8 30. Qh4 Rgf8 31. Rg7 Be8 32. Bg2 Bg6 33. Rxb7 f4 34. exf4 e3 35. Rb8 Kg8 36. Qxf6 Rxb8 37. Qg7# 1-0

[Event "Early-Titled-Tuesday-Blitz-April-02-2024"]
[Site "Chess.com"]
[Date "2024.04.02"]
[Round "5"]
[White "SharathRk6"]
[Black "2346PL"]
[Result "1-0"]
[WhiteElo "2415"]
[BlackElo "2524"]
[TimeControl "180+1"]
[EndTime "8:54:09 PDT"]
[Termination "SharathRk6 won by resignation"]

1. e4 c5 2. Nf3 Nf6 3. e5 Nd5 4. Nc3 e6 5. d4 Nxc3 6. bxc3 d5 7. Bd3 c4 8. Be2 Be7 9. O-O h6 10. Ne1 Nc6 11. f4 f5 12. exf6 Bxf6 13. Bh5+ Kf8 14.
Nf3 Bd7 15. Ne5 Be8 16. Qg4 Kg8 17. Qxe6+ Kh7 18. Qf5+ Kg8 19. Bxe8 Qxe8 20. Ng6 Ne7 21. Qe6+ Kh7 22. Nxh8 Kxh8 23. Ba3 Qd8 24. Bxe7 Bxe7 25. Rae1 Bf6 26. Re3 b5 27. Rfe1 b4 28. Qe8+ Kh7 29. Qxd8 Rxd8 30. Rd1 bxc3 31. Rxc3 Rb8 32. Ra3 Rb2 33. c3 Rc2 34. Rxa7 Rxc3 35. Ra5 Ra3 36. Rxa3 1-0

[Event "Early-Titled-Tuesday-Blitz-April-02-2024"]
[Site "Chess.com"]
[Date "2024.04.02"]
[Round "5"]
[White "Oleksandr_Bortnyk"]
[Black "noblerone"]
[Result "1-0"]
[WhiteElo "3027"]
[BlackElo "2549"]
[TimeControl "180+1"]
[EndTime "8:54:13 PDT"]
[Termination "Oleksandr_Bortnyk won by resignation"]

1. e4 Nf6 2. e5 Nd5 3. d4 d6 4. Nf3 Bg4 5. exd6 cxd6 6. c4 Nf6 7. h3 Bxf3 8. Qxf3 Nc6 9. Be3 e6 10. Nc3 Be7 11. Bd3 a6 12. O-O O-O 13. Rad1 d5 14. b3 Rc8 15. c5 e5 16. Bf5 e4 17. Qg3 Rb8 18. Bh6 Ne8 19. Bf4 Ra8 20. Na4 Nf6 21. Bc7 Qe8 22. Nb6 Ra7 23. f3 Nh5 24.
Qh2 e3 25. Bd7 e2 26. Bxe8 exf1=Q+ 27. Kxf1 Rxe8 28. Nxd5 Bg5 29. h4 Bh6 30. g4 1-0

[Event "Early-Titled-Tuesday-Blitz-April-02-2024"]
[Site "Chess.com"]
[Date "2024.04.02"]
[Round "5"]
[White "azikom"]
[Black "Knightmare1014"]
[Result "1-0"]
[WhiteElo "2633"]
[BlackElo "2341"]
[TimeControl "180+1"]
[EndTime "8:54:13 PDT"]
[Termination "azikom won by resignation"]

1. d4 d5 2. Bf4 Nf6 3. e3 c5 4. c3 Nc6 5. Nd2 Qb6 6. Qb3 c4 7. Qc2 g6 8. Ngf3 Bf5 9. Qc1 Bg7 10.
Be2 O-O 11. O-O Qa6 12. b3 b5 13. a4 Na5 14. axb5 Qxb5 15. bxc4 Nxc4 16. Nxc4 dxc4 17.
Qa3 Nd5 18. Be5 Qb3 19. Bxg7 Kxg7 20. Rfc1 Rab8 21. Ne5 Rb7 22. Bxc4 Qxa3 23. Rxa3 Nb6 24. Ba6 Rc7 25. c4 f6 26. Nf3 Bc8 27. c5 Nd5 28. Bxc8 Rfxc8 29. g3 e5 30. Rca1 exd4 31. exd4 Nb4 32.
Rxa7 Kf7 33. Kg2 Ke6 34. h4 Kd5 35. R7a4 Nc6 36. Ne1 Re8 37. Nc2 Re4 38. Ne3+ Ke6 39. d5+ Ke5 40. Rxe4+ Kxe4 41. dxc6 Rxc6 42. Ra7 Rxc5 43.
Rxh7 Rc2 44. Rf7 f5 45. Nxc2 1-0

[Event "Early-Titled-Tuesday-Blitz-April-02-2024"]
[Site "Chess.com"]
[Date "2024.04.02"]
[Round "5"]
[White "davidkalashian"]
[Black "Kiborg95"]
[Result "1-0"]
[WhiteElo "2674"]
[BlackElo "2845"]
[TimeControl "180+1"]
[EndTime "8:54:14 PDT"]
[Termination "davidkalashian won by resignation"]

1. d4 d6 2. e4 Nf6 3. Nc3 e5 4.
Nf3 Nbd7 5. g3 c6 6. Bg2 b5 7. O-O Bb7 8. a3 Be7 9. Nh4 g6 10. Bh6 Bf8 11. Bxf8 Kxf8 12. dxe5 dxe5 13. Qd2 Kg7 14.
Rad1 h6 15. f4 Qe7 16. Bh3 Rhd8 17. Qf2 a5 18. Bxd7 Nxd7 19. f5 Qc5 20. fxg6 Qxf2+ 21. Rxf2 fxg6 22. Rfd2 Bc8 23. Rd6 Ra6 24. Rxg6+ Kh7 25. Rdd6 1-0

[Event "Early-Titled-Tuesday-Blitz-April-02-2024"]
[Site "Chess.com"]
[Date "2024.04.02"]
[Round "5"]
[White "MrChessSponge"]
[Black "ljuks68"]
[Result "1-0"]
[WhiteElo "2562"]
[BlackElo "2402"]
[TimeControl "180+1"]
[EndTime "8:54:15 PDT"]
[Termination "MrChessSponge won by resignation"]

1. e4 e6 2. d4 d5 3. Nc3 Bb4 4. e5 Ne7 5. a3 Bxc3+ 6. bxc3 c5 7. Qg4 Qc7 8. Qxg7 Rg8 9. Qxh7 cxd4 10. Ne2 Nbc6 11.
f4 Bd7 12. g3 dxc3 13. Be3 O-O-O 14. Qd3 Nf5 15. Bf2 d4 16. Bh3 Na5 17. Bxf5 exf5 18.
O-O Nc4 19. Bxd4 Nd2 20. Rfd1 Bc6 21. Qxc3 Nf3+ 22. Kf2 Nxh2 23. Bxa7 Ng4+ 24. Ke1 Rh8 25. Rxd8+ Rxd8 26. Rb1 Rh8 27. Bb6 Rh1+ 28. Ng1 Qe7 29. Qa5 1-0

[Event "Early-Titled-Tuesday-Blitz-April-02-2024"]
[Site "Chess.com"]
[Date "2024.04.02"]
[Round "5"]
[White "SahibSinghKnight"]
[Black "MusicCityMaster"]
[Result "1-0"]
[WhiteElo "2597"]
[BlackElo "2425"]
[TimeControl "180+1"]
[EndTime "8:54:18 PDT"]
[Termination "SahibSinghKnight won by resignation"]

1. e4 e6 2. d4 d5 3. e5 c5 4. c3 Nc6 5. Nf3 Qb6 6. a3 Nh6 7. b4 cxd4 8. Bxh6 gxh6 9. cxd4 Bd7 10. Be2 Rg8 11. Nc3 Nxb4 12. O-O Nc6 13. Rb1 Qa5 14. Qd3 Rc8 15. Rxb7 Nxd4 16. Qxd4 Qxc3 17. Qxa7 Bc5 18. Qa6 Bc6 19. Rb3 Qxb3 20. Qxc8+ Ke7 21. Qxc6 Bxa3 22.
Qc7+ Kf8 23. Qd8+ Kg7 24. Qf6+ Kf8 25. Nd4 Qb6 26. Bh5 Rg7 27. Nf5 1-0